 Dungeon Crawl Stone Soup version 0.27.0-66-gdc8fb28755 (webtiles) character file.

Game seed: 14567336620824320646

1031 hawla the Conjurer (level 8, -4/63 HPs)
             Began as a Deep Elf Conjurer on Aug 19, 2021.
             Slain by a wyvern zombie (6 damage)
             ... in an ossuary.
             The game lasted 00:14:09 (5389 turns).

hawla the Conjurer (Deep Elf Conjurer)              Turns: 5389, Time: 00:14:09

Health: -4/63      AC:  4    Str:  4    XL:     8   Next: 3%
Magic:  2/18       EV: 13    Int: 32    God:
Gold:   144        SH:  4    Dex: 17    Spells: 11/18 levels left

rFire    + . .     SeeInvis +   c - +2 dagger (holy)
rCold    + . .     Faith    .   e - +0 buckler
rNeg     . . .     Spirit   .   d - +1 robe {rF+}
rPois    .         Reflect  .   (no helmet)
rElec    .         Harm     .   i - +0 cloak
rCorr    .         Rampage  .   (no gloves)
Will     .....                  (no boots)
Stlth    ..........             (no amulet)
HPRegen  0.20/turn              p - +6 ring of intelligence
MPRegen  0.16/turn              h - ring of the Modern Brambles {rC+ Dex+4 SInv}

@: berserking (expiring), attractive, very quick
A: no striking features
a: no special abilities


You were in an ossuary.
You visited 1 branch of the dungeon, and saw 5 of its levels.
You also visited: Ossuary.

You collected 188 gold pieces.
You spent 44 gold pieces at shops.

Inventory:

Hand Weapons
 c - a +2 dagger of holy wrath (weapon)
 g - a +0 dagger of draining
Armour
 d - a +1 robe of fire resistance (worn)
 e - a +0 buckler (worn)
 i - a +0 cloak (worn)
Magical Staves
 a - a staff of poison
Jewellery
 h - the ring of the Modern Brambles (right hand) {rC+ Dex+4 SInv}
   (You acquired it on level 5 of the Dungeon)

   [ring of protection from cold]

   Dex:       It affects your dexterity (+4).
   rC:        It protects you from cold.
   SInv:      It lets you see invisible.
 p - a +6 ring of intelligence (left hand)
Wands
 f - a wand of digging (6)
Potions
 b - a potion of curing
 n - a potion of lignification {unknown}


   Skills:
 + Level 0.6 Fighting
 + Level 3.8 Dodging
 - Level 5.0 Stealth
 + Level 5.6 Spellcasting
 + Level 7.6 Conjurations
 + Level 1.0 Necromancy
 + Level 3.3 Translocations
 + Level 2.0 Fire Magic
 + Level 2.0 Earth Magic


You had 11 spell levels left.
You knew the following spells:

 Your Spells              Type           Power      Damage    Failure   Level
a - Magic Dart            Conj           100%       1d8       1%          1
b - Searing Ray           Conj           100%       3d7       1%          2
c - Iskenderun's Mystic   Conj/Tloc      44%        2d10      9%          4

Your spell library contained the following spells:

 Spells                   Type           Power      Damage    Failure   Level
 Dazzling Flash           Conj/Hex       66%        N/A       4%          3
 Mephitic Cloud           Conj/Pois/Air  25%        N/A       9%          3
 Call Imp                 Summ           9%         N/A       12%         2
 Fulminant Prism          Conj/Hex       16%        3d11      17%         4


Dungeon Overview and Level Annotations

Branches:
Dungeon (5/15)             Temple (0/1) D:5         Ossuary (1/1)

Altars:
Cheibriados
Trog
Xom
Yredelemnul

Shops:
D:1 ?

Annotations:
D:4 3 runed translucent doors, Crazy Yiuf


Message History

The mummy is severely damaged.
The wyvern zombie bites you!
* * * LOW HITPOINT WARNING * * *
You are too berserk!
You barely miss the mummy.
The mummy is severely damaged.
You block the wyvern zombie's attack.
You puncture the mummy!
You destroy the mummy!
You block the bog mummy's attack. The wyvern zombie closely misses you.
You have reached level 8!
You feel clever.
You hit the bog mummy but do no damage. The wyvern zombie closely misses you.
The wyvern zombie barely misses you.
You barely miss the bog mummy. The bog mummy closely misses you.
You block the wyvern zombie's attack.
You puncture the bog mummy!
The bog mummy convulses.
The bog mummy is heavily damaged.
The wyvern zombie bites you.
* * * LOW HITPOINT WARNING * * *
You puncture the bog mummy!
The bog mummy convulses.
You destroy the bog mummy!
The wyvern zombie bites you.
* * * LOW HITPOINT WARNING * * *
The wyvern zombie bites you.
* * * LOW HITPOINT WARNING * * *
You barely miss the wyvern zombie.
The wyvern zombie is heavily damaged.
The wyvern zombie bites you.
* * * LOW HITPOINT WARNING * * *
The wyvern zombie barely misses you.
You are too berserk!
You puncture the wyvern zombie!
The wyvern zombie convulses.
The wyvern zombie is severely damaged.
The wyvern zombie bites you but does no damage.
The wyvern zombie misses you.
You hit the wyvern zombie.
The wyvern zombie convulses.
The wyvern zombie is almost destroyed.
The wyvern zombie bites you.
You die...

# # ≈ .#M#.
.≈.≈M#+### #
M≈.≈ZM≈..#≈#
#####≈≈≈≈#
#..Z#≈..#≈#
#.@Z≈.#≈≈≈#
#∩..#.≈P#≈#
#####≈#≈###
+.+.# #.###
#.+ +.# #.+


You could see 2 wyvern zombies.

Vanquished Creatures
  Grinder (D:3)
  Sigmund (D:3)
  A hornet zombie (Ossuary)
  An ogre (D:3)
  2 bullfrog zombies (Ossuary)
  A jelly (D:4)
  5 mummies (Ossuary)
  Jessica (D:3)
  Ijyb (D:4)
  Natasha (thrice) (D:3)
  An orc wizard (D:3)
  5 adders
  An ufetubus (D:4)
  2 worms (D:3)
  2 dart slugs
  4 orcs (D:3)
  4 endoplasms
  3 giant cockroaches
  7 goblins
  9 hobgoblins
  20 jackals
  8 kobolds
  2 quokkas
  2 ball pythons
  8 bats
  2 frilled lizards
  7 rats
104 creatures vanquished.

Vanquished Creatures (others)
  A withered plant (Ossuary)
1 creature vanquished.

Grand Total: 105 creatures vanquished

Notes
Turn   | Place    | Note
-------+----------+-------------------------------------------
     0 | D:1      | hawla the Deep Elf Conjurer began the quest for the Orb.
     0 | D:1      | Reached XP level 1. HP: 10/10 MP: 6/6
   151 | D:1      | Reached XP level 2. HP: 15/15 MP: 1/8
   154 | D:1      | Learned a level 2 spell: Searing Ray
   677 | D:1      | Reached skill level 1 in Necromancy
   716 | D:1      | Found Qoenevaz's Magic Scroll Shoppe.
   721 | D:1      | Reached skill level 1 in Fire Magic
   721 | D:1      | Reached skill level 1 in Earth Magic
   723 | D:1      | Reached skill level 1 in Translocations
   868 | D:1      | Reached XP level 3. HP: 15/19 MP: 7/9
  1396 | D:1      | Bought 2 scrolls of identify for 44 gold pieces
  1701 | D:2      | Reached XP level 4. HP: 21/24 MP: 5/10
  1706 | D:2      | Learned a level 4 spell: Iskenderun's Mystic Blast
  2198 | D:3      | Noticed Natasha
  2203 | D:3      | Killed Natasha
  2251 | D:3      | Reached skill level 5 in Conjurations
  2591 | D:3      | Found a basalt altar of Yredelemnul.
  2605 | D:3      | Noticed Natasha
  2883 | D:3      | Found a faded altar of an unknown god.
  2924 | D:3      | Noticed an ogre
  2930 | D:3      | Killed an ogre
  2931 | D:3      | Reached XP level 5. HP: 28/28 MP: 5/11
  2936 | D:3      | Killed Natasha
  3022 | D:3      | Noticed Jessica
  3132 | D:3      | Noticed Grinder
  3153 | D:3      | Killed Jessica
  3154 | D:3      | Reached XP level 6. HP: 32/32 MP: 4/12
  3155 | D:3      | Killed Grinder
  3156 | D:3      | Reached skill level 6 in Conjurations
  3416 | D:3      | Noticed Natasha
  3420 | D:3      | Killed Natasha
  3520 | D:3      | Reached XP level 7. HP: 34/36 MP: 7/15
  3639 | D:3      | Noticed Sigmund
  3652 | D:3      | Killed Sigmund
  4193 | D:4      | Noticed Ijyb
  4210 | D:4      | Killed Ijyb
  4211 | D:4      | Reached skill level 7 in Conjurations
  4511 | D:4      | Found a snail-covered altar of Cheibriados.
  4558 | D:4      | Found a bloodstained altar of Trog.
  4789 | D:4      | Found a large runed translucent door.
  4790 | D:4      | Found a large runed translucent door.
  4791 | D:4      | Found a shimmering altar of Xom.
  4870 | D:4      | Found a runed translucent door.
  4871 | D:4      | Noticed Crazy Yiuf
  5140 | D:5      | Entered Level 5 of the Dungeon
  5143 | D:5      | Identified a scroll of acquirement
  5143 | D:5      | Acquired the ring of the Modern Brambles {rC+ Dex+4 SInv}
  5181 | D:5      | Found a sand-covered staircase.
  5283 | Ossuary  | Entered an ossuary
  5291 | Ossuary  | Reached skill level 5 in Spellcasting
  5376 | Ossuary  | Reached skill level 5 in Stealth
  5383 | Ossuary  | Reached XP level 8. HP: 14/42 MP: 1/18
  5387 | Ossuary  | HP: 2/63 [wyvern zombie (5)]
  5389 | Ossuary  | Slain by a wyvern zombie

Illustrated notes

Levels and vault maps discovered:
D:1:      dpeg_arrival_rhombus, layout_basic, serial_shops, nicolae_shop_crystal
D:2:      layout_basic, item_on_display_a
D:3:      layout_loops_ring, mainiacjoe_overflow_tiny_flanked,
          ebering_ecumenical_altar_abandoned, palyth_stone_intersect,
          uniq_natasha, uniq_grinder, uniq_jessica, uniq_sigmund
D:4:      due_chaos_kobolds, layout_basic, kennysheep_slug_shrine,
          trog_three_pillars_becter, minmay_tree_intersection,
          lemuel_old_faithful, uniq_crazy_yiuf_cottage, uniq_ijyb
D:5:      layout_basic, ashenzari_altar_1, grunt_dithmenos_smoke,
          mainiacjoe_overflow_swirl, minmay_temple_entry_statues_fountains,
          enter_ossuary_2, uniq_prince_ribbit1
Ossuary:  ossuary_zaba_flooded

Skill      XL: |  1  2  3  4  5  6  7 |
---------------+----------------------+-----
Necromancy     | 1 |  1.0
Fire Magic     | 1 2 |  2.0
Earth Magic    | 1 2 |  2.0
Translocations | 1 2 3 |  3.3
Conjurations   | 5 6 7 |  7.6
Dodging        | 3 |  3.8
Stealth        | 3 4 5 |  5.0
Spellcasting   | 4 5 |  5.6
Fighting       | |  0.6

Action                   |  1- 3 |  4- 6 |  7- 9 || total
-------------------------+-------+-------+-------++-------
Melee: Dagger            |     6 |    23 |    46 ||    75
 Cast: Magic Dart        |    54 |    14 |     3 ||    71
       Searing Ray       |     6 |    20 |    15 ||    41
       Iskenderun's Myst |       |     2 |     4 ||     6
  Use: Scroll            |     2 |       |     5 ||     7
       Potion            |       |       |     6 ||     6
 Stab: Sleeping          |       |     2 |     2 ||     4
Armor: Robe              |     8 |     3 |     7 ||    18
Dodge: Dodged            |    18 |    15 |    31 ||    64
Block: Buckler           |       |       |     6 ||     6
